 Dungeon Crawl Stone Soup version 0.27-a0-1281-ge233d83751 (webtiles) character file.

Game seed: 2037371406087045567

479 porpoise the Skirmisher (level 6, 0/52 HPs)
             Began as a Demonspawn Fighter on June 13, 2021.
             Slain by Grinder (9 damage)
             ... on level 3 of the Dungeon.
             The game lasted 00:09:18 (5063 turns).

porpoise the Skirmisher (Demonspawn Fighter)        Turns: 5063, Time: 00:09:20

Health: 0/52       AC:  8    Str: 18    XL:     6   Next: 86%
Magic:  6/6        EV:  7    Int: 10    God:
Gold:   127        SH:  8    Dex: 12    Spells: 5/5 levels left

rFire    . . .     SeeInvis .   a - +0 trident
rCold    . . .     Faith    .   c - +0 kite shield
rNeg     . . .     Spirit   .   f - +0 scale mail
rPois    .         Reflect  .   (no helmet)
rElec    .         Harm     .   (no cloak)
rCorr    .         Rampage  .   (no gloves)
Will     .....                  (no boots)
Stlth    ..........             k - amulet of magic regeneration
HPRegen  0.17/turn              (no ring)
MPRegen  0.45/turn              (no ring)

@: attractive
A: molten scales 1, powered by pain 1, magic regeneration
a: no special abilities


You were on level 3 of the Dungeon.
You visited 1 branch of the dungeon, and saw 3 of its levels.
You also visited: Sewer.

You collected 127 gold pieces.

Inventory:

Hand Weapons
 a - a +0 trident (weapon)
 b - a +0 hunting sling
 s - a +0 hand crossbow
Missiles
 d - a curare-tipped dart
 e - 101 stones (quivered)
 i - 41 arrows
 m - 26 poisoned darts
 o - 35 bolts
Armour
 c - a +0 kite shield (worn)
 f - a +0 scale mail (worn)
Magical Staves
 p - a staff of conjuration
Jewellery
 k - an amulet of magic regeneration (around neck)
Scrolls
 g - a scroll of noise
 q - a scroll of silence
 t - a scroll of vulnerability {unknown}
 v - a scroll of blinking {unknown}
 w - a scroll of teleportation {unknown}
 x - a scroll of magic mapping {unknown}
Potions
 h - 3 potions of brilliance {unknown}
 j - 10 potions of curing
 l - a potion of magic {unknown}
 n - a potion of attraction
 r - a potion of haste {unknown}
 u - 6 potions of heal wounds {unknown}


   Skills:
 + Level 5.9 Fighting
 + Level 4.9 Polearms
 - Level 2.6 Armour
 - Level 2.6 Shields


You had 5 spell levels left.
You didn't know any spells.
Your spell library was empty.

Dungeon Overview and Level Annotations

Branches:
Dungeon (3/15)              Sewer (visited)

Altars:

Shops:
D:2 [

Annotations:
D:3 Grinder


Innate Abilities, Weirdness & Mutations

You are partially covered in molten scales. (AC +2)
You sometimes gain a little power by taking damage.
You regenerate magic rapidly.


Message History

Grinder is moderately wounded.
You block Grinder's attack. x2
You hit Grinder but do no damage.
Grinder is moderately wounded.
Grinder gestures at you. You resist with significant effort.
You hit Grinder but do no damage.
Grinder is moderately wounded.
Grinder gestures at you. You resist with significant effort.
You closely miss Grinder.
Grinder is moderately wounded.
You block Grinder's attack. Grinder hits you.
You writhe in agony.
You hit Grinder.
Grinder is moderately wounded.
You block Grinder's attack.
Your shield prevents you from hitting Grinder.
Grinder is moderately wounded.
Grinder hits you.
You hit Grinder but do no damage.
Grinder is moderately wounded.
Grinder hits you.
You writhe in agony.
Grinder blinks!
You hit Grinder but do no damage.
Grinder is moderately wounded.
Grinder hits you!
You are too injured to fight recklessly!
You are too injured to fight recklessly!
You are too injured to fight recklessly!
You puncture Grinder!
Grinder is heavily wounded.
Grinder gestures at you. Pain shoots through your body!
You hit Grinder.
Grinder is heavily wounded.
Grinder hits you.
* * * LOW HITPOINT WARNING * * *
You writhe in agony.
* * * LOW HITPOINT WARNING * * *
Grinder hits you!
You die...

..................ยง..#
# ........##'####.###..#
# ........#....##.# ##.#
# ........#....##.#
#.###
........#....##.####..##
###+######.####.........
........)..####.####...#
........5..'....# ##..#
.......@...###### #..#
.....#..........# ##.#
.... #..........# #..
.## #..........######..
+..........'.......
#..........######..
#..........# ##.
##....###### #. #....#
##


You could see Grinder.

Vanquished Creatures
  A necrophage (D:3)
  2 kobold brigands (Sewer)
  A gnoll (D:1)
  13 adders
  6 river rats (Sewer)
  A worm (D:3)
  2 dart slugs
  An endoplasm (D:2)
  2 giant cockroaches
  4 goblins
  2 hobgoblins
  20 kobolds
  4 quokkas
  11 ball pythons
  7 bats
  3 frilled lizards
  21 rats
101 creatures vanquished.

Notes
Turn   | Place    | Note
-------+----------+-------------------------------------------
     0 | D:1      | porpoise the Demonspawn Fighter began the quest for the
                  | Orb.
     0 | D:1      | Reached XP level 1. HP: 18/18 MP: 1/1
    20 | D:1      | Found a faded altar of an unknown god.
    39 | D:1      | Gained mutation: You are partially covered in molten
                  | scales. (AC +2) [demonic ancestry]
    39 | D:1      | Reached XP level 2. HP: 6/24 MP: 2/2
   878 | D:2      | Gained mutation: You sometimes gain a little power by
                  | taking damage. [demonic ancestry]
   878 | D:2      | Reached XP level 3. HP: 14/29 MP: 3/3
  1466 | D:2      | Reached skill level 4 in Fighting
  1572 | D:2      | Reached XP level 4. HP: 35/37 MP: 4/4
  2227 | D:2      | Found Romyar's Antique Armour Shop.
  2680 | D:3      | Noticed a necrophage
  2690 | D:3      | Killed a necrophage
  2691 | D:3      | Gained mutation: You regenerate magic rapidly. [demonic
                  | ancestry]
  2691 | D:3      | Reached XP level 5. HP: 40/43 MP: 5/5
  2839 | D:3      | Found a glowing drain.
  2856 | D:3      | Reached skill level 5 in Fighting
  2919 | Sewer    | Entered a sewer
  3216 | Sewer    | Reached XP level 6. HP: 26/51 MP: 6/6
  5050 | D:3      | Noticed Grinder
  5063 | D:3      | Slain by Grinder

Illustrated notes

Levels and vault maps discovered:
D:1:      amcnicky_arrival_flooded_fountain, layout_basic,
          ebering_ecumenical_altar_abandoned
D:2:      layout_basic, serial_shops, shop, minmay_snake_closets
D:3:      layout_basic, gup_sewer_entry_glass, uniq_grinder

Skill      XL: |  1  2  3  4  5 |
---------------+----------------+-----
Polearms       | 2 3 4 |  4.9
Fighting       | 4 5 |  5.9
Armour         | |  2.6
Shields        | |  2.6

Action                   |  1- 3 |  4- 6 || total
-------------------------+-------+-------++-------
Melee: Trident           |   115 |   315 ||   430
 Fire: Hunting sling     |       |     2 ||     2
  Use: Scroll            |       |     6 ||     6
       Potion            |       |     2 ||     2
Armor: Scale mail        |    63 |   164 ||   227
Dodge: Dodged            |    33 |    83 ||   116
Block: Kite shield       |    52 |   139 ||   191

Table legend: (Time is in decaauts)
 A = Elapsed time spent in this place.
 B = Non-inter-level travel time spent in this place.
 C = Inter-level travel time spent in this place.
 D = Time resting spent in this place.
 E = Time spent auto-exploring this place.
 F = Levels seen in this place.
 G = Mean time per level.
                   A        B        C        D        E       F      G
               +--------+--------+--------+--------+--------+-----+--------+
         Total |   5243 |   5158 |     85 |   2033 |   2184 |   4 | 1310.8 |
       Dungeon |   3134 |   3049 |     85 |    926 |   1609 |   3 | 1044.7 |
         Sewer |   2109 |   2109 |      0 |   1107 |    574 |   1 | 2109.0 |
               +--------+--------+--------+--------+--------+-----+--------+

Top non-repeatable levels by time:
   Sewer: 2109 daAuts
     D:2: 1910 daAuts
     D:1: 640 daAuts
     D:3: 583 daAuts
